 Dungeon Crawl Stone Soup version 0.28-a0-239-g68911e0c57 (webtiles) character file.

Game seed: 11866653326685041024

284 Majang the Scratcher (level 6, -2/27 HPs)
             Began as a Felid Transmuter on Aug 23, 2021.
             Was a Follower of Cheibriados.
             Slain by Eustachio (8 damage)
             ... on level 4 of the Dungeon.
             The game lasted 00:21:21 (6244 turns).

Majang the Scratcher (Felid Transmuter)             Turns: 6244, Time: 00:21:21

Health: -2/27      AC:  2    Str:  9      XL:     6   Next: 7%
Magic:  11/11      EV: 18    Int: 13 (18) God:    Cheibriados [*.....]
Gold:   129        SH:  0    Dex: 18      Spells: 4/10 levels left
                                        Lives:  0   Deaths: 1

rFire   . . .      SeeInvis +     - Unarmed
rCold   . . .      Faith    .   (shield unavailable)
rNeg    . . .      Spirit   .   (armour unavailable)
rPois   .          Reflect  .   (helmet unavailable)
rElec   .          Harm     .   (cloak unavailable)
rCorr   .          Rampage  .   (gloves unavailable)
Will    .....                   (boots unavailable)
Stlth   ++........              (no amulet)
HPRegen 0.09/turn               (no ring)
MPRegen 0.12/turn               (no ring)

@: appendages, slow
A: horns 2, very small, claws 1, fangs 3, see invisible, speed 1, shaggy fur 2,
stealthy paws, no weapons or thrown items, no armour, multi-lived
a: End Transformation, Renounce Religion, Bend Time


You were on level 4 of the Dungeon.
You worshipped Cheibriados.
Cheibriados was aware of your devotion.
You had temporarily grown beastly horns.
You visited 1 branch of the dungeon, and saw 4 of its levels.

You collected 199 gold pieces.
You spent 70 gold pieces at shops.

Inventory:

Scrolls
 c - 2 scrolls of enchant weapon {unknown}
 g - a scroll of immolation {unknown}
 h - a scroll of blinking {unknown}
 k - 2 scrolls of magic mapping {unknown}
 n - a scroll of teleportation
 o - a scroll of fog {unknown}
 q - a scroll of vulnerability {unknown}
 r - a scroll of fear {unknown}
Potions
 a - a potion of curing
 b - 3 potions of mutation
 e - a potion of brilliance
 f - a potion of heal wounds {unknown}
 i - a potion of invisibility
 m - a potion of cancellation {unknown}
 p - 2 potions of attraction


   Skills:
 + Level 2.3 Fighting
 + Level 3.8 Dodging
 + Level 2.4 Stealth
 * Level 4.4 Unarmed Combat
 + Level 2.9 Spellcasting
 * Level 4.3 Transmutations
 + Level 0.5 Ice Magic
 + Level 2.0 Invocations
 + Level 1.7 Evocations


You had 4 spell levels left.
You knew the following spells:

 Your Spells              Type           Power      Damage    Failure   Level
a - Beastly Appendage     Tmut           26%        N/A       4%          1
b - Wereblood             Tmut           13%        N/A       6%          2
c - Ozocubu's Armour      Ice            3%         N/A       50%         3

Your spell library contained the following spells:

 Spells                   Type           Power      Damage    Failure   Level
 Animate Skeleton         Necr           2%         N/A       24%         1
 Pain                     Necr           4%         1d4       24%         1
 Spider Form              Tmut/Pois      3%         N/A       28%         3
 Dazzling Flash           Conj/Hex       2%         N/A       56%         3
 Vampiric Draining        Necr           0%         2d6       56%         3
 Ice Form                 Ice/Tmut       8%         N/A       63%         4
 Iskenderun's Mystic Bla  Conj/Tloc      1%         2d3       93%         4
 Starburst                Conj/Fire      0%         6d3       100%        6
 Ozocubu's Refrigeration  Ice            1%         4d5       100%        7


Dungeon Overview and Level Annotations

Branches:
Dungeon (4/15)
 Temple: D:4-7

Altars:
Cheibriados
Sif Muna

Shops:
D:4 ?

Annotations:
D:4 Eustachio


Innate Abilities, Weirdness & Mutations

You have temporarily grown beastly horns.
You have sharp claws.
You have razor-sharp teeth.
You have supernaturally acute eyesight. (SInv)
You cover ground quickly. (Speed+)
You are covered in thick fur. (AC +2)
Your paws help you pounce on unaware monsters.
You are incapable of wielding weapons or throwing items.
You cannot wear armour.
You gain extra lives every three experience levels.


Message History

You scratch Eustachio but do no damage.
Eustachio is heavily wounded.
The bat misses you.
Eustachio gestures wildly while chanting.
You completely miss Eustachio. You headbutt Eustachio.
Eustachio is severely wounded.
Eustachio casts a spell.
The quokka misses you. The bat misses you.
You closely miss Eustachio. You headbutt Eustachio.
Eustachio is severely wounded.
The bat barely misses you. x2; The quokka barely misses you.
Eustachio hits you with a +0 rapier!
* * * LOW HITPOINT WARNING * * *
Unknown command.
You closely miss Eustachio. Your headbutt misses Eustachio.
Your bite misses Eustachio.
Eustachio is severely wounded.
The bat hits you.
* * * LOW HITPOINT WARNING * * *
The quokka misses you. Eustachio hits you with a +0 rapier.
* * * LOW HITPOINT WARNING * * *
You feel better. The bat hits you but does no damage.
The quokka closely misses you. Eustachio barely misses you.
You miss Eustachio. Your headbutt misses Eustachio.
Eustachio is severely wounded.
The bat completely misses you. The quokka completely misses you.
Eustachio mumbles some strange words.
You claw Eustachio! You headbutt Eustachio.
Eustachio is almost dead.
The quokka misses you. The ufetubus barely misses you. x2
Eustachio hits you with a +0 rapier. The quokka barely misses you.
You miss Eustachio. You headbutt Eustachio.
Eustachio is almost dead.
The ufetubus completely misses you.
The ufetubus hits you but does no damage.
The iron imp sputters.
The quokka bites you.
* * * LOW HITPOINT WARNING * * *
Eustachio hits you with a +0 rapier!
You die...

.........[.# ............
##########.. ## ##. # #.## #.
#.#####.## #. #..5#.#..### ##
#b#r@b....###### ##
#5@######.....####. #######
#..# ####....... ##.....# #..##
##...... ##.####.##... ##.(...
##.## ####### #.>... #.##
#..).. #>.## ###### ##.....
#.#.#######....#### ####......
#.................####......##.


You could see Eustachio, an iron imp (summoned), an ufetubus (summoned), a
quokka (summoned) and 2 bats.

Vanquished Creatures
  A naga (D:4)
  An ogre (D:4)
  A hound (D:4)
  2 iguanas (D:4)
  Natasha (thrice) (D:3)
  2 hound skeletons
  2 adders (D:4)
  An adder skeleton (D:4)
  A worm (D:3)
  3 dart slugs
  9 orcs
  9 ball pythons
  6 bats
  5 endoplasms
  3 giant cockroaches
  9 goblins
  7 hobgoblins
  3 jackals (D:4)
  5 kobolds
  A frilled lizard (D:3)
  7 rats
81 creatures vanquished.

Notes
Turn   | Place    | Note
-------+----------+-------------------------------------------
     0 | D:1      | Majang the Felid Transmuter began the quest for the Orb.
     0 | D:1      | Reached XP level 1. HP: 9/9 MP: 4/4
   433 | D:1      | Reached XP level 2. HP: 12/12 MP: 4/6
  1062 | D:1      | Found a faded altar of an unknown god.
  1069 | D:1      | Became a worshipper of Sif Muna the Loreminder
  1069 | D:1      | Reached * piety under Sif Muna
  1575 | D:2      | Learned a level 2 spell: Wereblood
  1600 | D:2      | Reached XP level 3. HP: 6/15 MP: 4/7
  2258 | D:2      | Found a snail-covered altar of Cheibriados.
  2266 | D:2      | Fell from the grace of Sif Muna
  2266 | D:2      | Became a worshipper of Cheibriados the Contemplative
  2732 | D:3      | Reached XP level 4. HP: 12/19 MP: 3/8
  3410 | D:3      | Noticed Natasha
  3421 | D:3      | Killed Natasha
  3422 | D:3      | Reached skill level 1 in Invocations
  3466 | D:3      | Noticed Natasha
  3476 | D:3      | Killed Natasha
  3477 | D:3      | Reached skill level 1 in Stealth
  3968 | D:3      | Noticed Natasha
  3978 | D:3      | Killed Natasha
  3979 | D:3      | Reached XP level 5. HP: 14/22 MP: 5/9
  4118 | D:4      | Noticed a lemure
  4119 | D:4      | Noticed a lemure
  4529 | D:4      | Found Ludemosy's Magic Scroll Emporium.
  4533 | D:4      | Bought a scroll of identify for 28 gold pieces
  4533 | D:4      | Bought a scroll of teleportation for 42 gold pieces
  4621 | D:4      | Noticed Sigmund
  4626 | D:4      | Noticed Sigmund
  4626 | D:4      | Sigmund changed into Sigmund the orc
  4631 | D:4      | Killed Sigmund the orc
  4750 | D:4      | Noticed an ogre
  4753 | D:4      | Reached skill level 1 in Evocations
  4754 | D:4      | Killed an ogre
  4755 | D:4      | Gained mutation: You are covered in thick fur. (AC +2)
                  | [Felid growth]
  4755 | D:4      | Reached XP level 6. HP: 26/26 MP: 6/11
  4762 | D:4      | Reached * piety under Cheibriados
  4942 | D:4      | Learned a level 3 spell: Ozocubu's Armour
  5392 | D:4      | Noticed Pikel
  5395 | D:4      | Noticed Pikel
  5395 | D:4      | Pikel changed into Pikel the naga
  5405 | D:4      | Killed Pikel the naga
  5409 | D:4      | Slain by an adder
  5410 | D:4      | Reached XP level 5. HP: 0/22 MP: 10/10
  5536 | D:4      | Reached XP level 6. HP: 15/26 MP: 8/11
  5946 | D:4      | Noticed Eustachio
  6244 | D:4      | Slain by Eustachio

Illustrated notes

Levels and vault maps discovered:
D:1:      erik_arrival_triangle_small, layout_loops_cross,
          ebering_ecumenical_altar_mist
D:2:      wad_river_or_something, layout_rooms, basic_altar
D:3:      layout_loops_ring, grunt_decor_one_mirror, uniq_natasha
D:4:      layout_layer_cave, serial_shops, nicolae_shop_stone, uniq_pikel,
          uniq_eustachio, uniq_sigmund

Skill      XL: |  1  2  3  4  5  6 |
---------------+-------------------+-----
Transmutations | 3 4 |  4.3
Invocations    | 1 2 |  2.0
Dodging        | 3 |  3.8
Stealth        | 1 2 |  2.4
Evocations     | 1 |  1.7
Fighting       | 2 |  2.3
Unarmed Combat | 4 |  4.4
Spellcasting   | |  2.9
Ice Magic      | |  0.5

Action                   |  1- 3 |  4- 6 || total
-------------------------+-------+-------++-------
Melee: Unarmed           |   111 |   129 ||   240
       Headbutt          |    15 |    21 ||    36
       Bite              |    11 |    15 ||    26
 Cast: Beastly Appendage |    28 |    22 ||    50
       Wereblood         |     9 |     6 ||    15
Evoke: Wand              |       |    10 ||    10
  Use: Scroll            |       |     5 ||     5
       Potion            |       |     3 ||     3
 Stab: Sleeping          |     1 |       ||     1
Armor: Skin              |     7 |     8 ||    15
Dodge: Dodged            |    66 |   112 ||   178

Table legend: (Time is in decaauts)
 A = Elapsed time spent in this place.
 B = Non-inter-level travel time spent in this place.
 C = Inter-level travel time spent in this place.
 D = Time resting spent in this place.
 E = Time spent auto-exploring this place.
 F = Levels seen in this place.
 G = Mean time per level.
                   A        B        C        D        E       F      G
               +--------+--------+--------+--------+--------+-----+--------+
         Total |   6334 |   6126 |    208 |   2396 |   2917 |   4 | 1583.5 |
       Dungeon |   6334 |   6126 |    208 |   2396 |   2917 |   4 | 1583.5 |
               +--------+--------+--------+--------+--------+-----+--------+

Top non-repeatable levels by time:
     D:3: 1960 daAuts
     D:4: 1803 daAuts
     D:2: 1401 daAuts
     D:1: 1168 daAuts
